 Dungeon Crawl Stone Soup version 0.31-a0-233-g139696dc86 (webtiles) character file.

Game seed: 7277652367039969433

184 qw the Shooter (level 5, 0/45 HPs)
             Began as a Minotaur Hexslinger on July 7, 2023.
             Slain by a hound zombie (1 damage)
             ... on level 3 of the Dungeon.
             The game lasted 00:00:49 (1736 turns).

qw the Shooter (Minotaur Hexslinger)                Turns: 1736, Time: 00:00:49

Health: 0/45       AC:  3    Str: 12    XL:     5   Next: 36%
Magic:  5/5        EV: 12    Int: 10    God:
Gold:   202        SH:  0    Dex: 15    Spells: 5/6 levels left

rFire   . . .        Y - +2 sling
rCold   . . .        (no shield)
rNeg    . . .        c - +0 robe
rPois   .            (helmet restricted)
rElec   .            (no cloak)
rCorr   .            (no gloves)
SInv    .            h - +0 pair of boots
Will    .....        (no amulet)
Stlth   +            (no ring)
HPRegen 0.27/turn    (no ring)
MPRegen 0.09/turn

%: no passive effects
@: slowed, very slow
A: horns 2, retaliatory headbutt
a: no special abilities


You were on level 3 of the Dungeon.
You visited 1 branch of the dungeon, and saw 3 of its levels.

You collected 202 gold pieces.


Innate Abilities, Weirdness & Mutations

You have a pair of horns on your head.
You reflexively headbutt those who attack you in melee.


   Skills:
 - Level 3.2 Fighting
 + Level 5.5 Ranged Weapons
 - Level 2.1 Dodging
 - Level 1.0 Spellcasting
 - Level 2.0 Hexes


You had 5 spell levels left.
You knew the following spells:

 Your Spells              Type           Power      Damage    Failure   Level
a - Slow                  Hex            16%        N/A       16%         1

Your spell library contained the following spells:

 Spells                   Type           Power      Damage    Failure   Level
 Inner Flame              Hex/Fire       2%         N/A       56%         3
 Portal Projectile        Hex/Tloc       4%         N/A       56%         3
 Cause Fear               Hex            2%         N/A       83%         4

Inventory:

Hand Weapons
 Y - a +2 sling (weapon)
Armour
 b - a +0 leather armour
 c - a +0 robe (worn)
 e - a +0 ring mail
 h - a +0 pair of boots (worn)
Scrolls
 d - a scroll of teleportation {unknown}
 f - a scroll of enchant armour {unknown}
 k - a scroll of immolation {unknown}
 l - a scroll of identify {unknown}
Potions
 a - a potion of resistance {unknown}
 i - 2 potions of curing
 j - a potion of attraction {unknown}
 m - a potion of berserk rage {unknown}

Dungeon Overview and Level Annotations

Branches:
Dungeon (3/15)

Altars:
The Shining One

Annotations:
D:3 1 runed translucent door, Crazy Yiuf


Message History

The hound zombie bites you. The water moccasin skeleton bites you.
1732 ||| DRINKING potion of heal wounds.
You feel much better.
The hound skeleton bites the withered plant.
The withered plant begins to crumble.
The hound zombie barely misses you.
A centaur simulacrum comes into view.
The water moccasin skeleton bites you.
The hound skeleton bites the withered plant.
The hound zombie closely misses you. The hound skeleton misses you.
The water moccasin skeleton completely misses you.
You shoot a sling bullet. The sling bullet hits the hound zombie!
The hound zombie is heavily damaged.
The hound skeleton bites the withered plant.
The hound zombie bites you but does no damage.
The hound skeleton bites you but does no damage.
The water moccasin skeleton closely misses you.
The hound skeleton bites the withered plant.
The hound zombie bites you.
The hound skeleton bites you but does no damage.
The water moccasin skeleton bites you but does no damage.
You shoot a sling bullet.
The sling bullet barely misses the hound zombie.
The hound skeleton bites the withered plant.
The hound zombie bites you. The hound skeleton bites you.
The water moccasin skeleton bites you! The hound zombie bites you.
The hound skeleton barely misses you.
You shoot a sling bullet.
The sling bullet barely misses the hound zombie.
The water moccasin skeleton bites you.
The hound zombie bites you but does no damage.
The hound skeleton bites you.
The water moccasin skeleton closely misses you.
The hound zombie bites you. The hound skeleton barely misses you.
You shoot a sling bullet. The sling bullet hits the hound zombie!
The hound zombie is severely damaged.
The withered plant crumbles away.
The hound zombie completely misses you. The water moccasin skeleton bites you.
The hound skeleton closely misses you. You furiously retaliate!
You headbutt the hound skeleton. The hound zombie bites you.
You die...

......77 7.......#.#
#.# .....?.7
...P77......#.# #..
....###77
...P7##....#.# ##.
........7
..P77#..>.#.# #.
..#######
7..P7.....#.# #) ...#
7..P7#....#.# #####.
#..#
7P..7#....#.####.....
#..#
7PZZ7.........##.....
####
7ZZ@.......#........
77Z.#...............
#...####...###......
##.........# #.#####
#######....##..
#.##...... #. #####..
## ... ####


You could see a centaur simulacrum, a hound zombie, a water moccasin skeleton
and 2 hound skeletons.

Vanquished Creatures
  An iguana (D:3)
  Natasha (D:3)
  An orc wizard (D:3)
  5 adders
  A worm (D:2)
  5 orcs (D:3)
  7 endoplasms
  3 giant cockroaches
  4 goblins
  4 hobgoblins
  2 quokkas (D:1)
  6 ball pythons
  A ball python zombie (D:3)
  6 bats
  2 frilled lizards (D:2)
  4 kobolds
  4 rats
57 creatures vanquished.

Vanquished Creatures (others)
  2 minotaurs (D:1)
  A draconian (D:1)
  An octopode (D:1)
  2 vine stalkers (D:1)
  A troll (D:1)
  A vampire (D:1)
  2 demigods (D:1)
  2 dwarves (D:1)
  2 ogres (D:1)
  A mummy (D:1)
  5 tentacles (D:1)
20 creatures vanquished.

Grand Total: 77 creatures vanquished

Notes
Turn   | Place    | Note
-------+----------+-------------------------------------------
     0 | D:1      | qw the Minotaur Hexslinger began the quest for the Orb.
     0 | D:1      | Reached XP level 1. HP: 16/16 MP: 1/1
     0 | D:1      | 0 ||| qw: Version: 0.3-a-46-gb1f654a
     0 | D:1      | 0 ||| qw: Game counter: 3209
     0 | D:1      | 0 ||| qw: Melee chars always use a shield: true
     0 | D:1      | 0 ||| qw: God list: Okawaru
     0 | D:1      | 0 ||| qw: Allow faded altars: false
     0 | D:1      | 0 ||| qw: Do Orc after clearing Dungeon:15 true
     0 | D:1      | 0 ||| qw: Do second Lair branch before Depths: true
     0 | D:1      | 0 ||| qw: Lair rune preference: random
     0 | D:1      | 0 ||| qw: Goals: Normal
     0 | D:1      | 0 ||| PLANNING D:1-11
     2 | D:1      | Noticed a minotaur
     2 | D:1      | Noticed a dwarf
     2 | D:1      | Noticed a vine stalker
     2 | D:1      | Noticed an ogre
     2 | D:1      | Noticed a draconian
     2 | D:1      | Noticed a vine stalker
     2 | D:1      | Noticed an octopode
     2 | D:1      | Noticed a kraken
     2 | D:1      | Noticed a demigod
     2 | D:1      | Noticed a troll
     2 | D:1      | Noticed a minotaur
     2 | D:1      | Noticed a demigod
     2 | D:1      | Noticed a dwarf
     2 | D:1      | Noticed a vampire
     2 | D:1      | Noticed an ogre
     3 | D:1      | Killed a draconian
     5 | D:1      | Killed an octopode
    10 | D:1      | Killed a dwarf
    12 | D:1      | Killed a minotaur
    12 | D:1      | Killed a demigod
    14 | D:1      | Killed a troll
    14 | D:1      | Killed an ogre
    14 | D:1      | Killed a demigod
    15 | D:1      | Killed a vine stalker
    16 | D:1      | Killed a vampire
    17 | D:1      | Killed a minotaur
    17 | D:1      | Killed a vine stalker
    17 | D:1      | Killed an ogre
    20 | D:1      | Killed a dwarf
    27 | D:1      | 27 ||| DROPPING scroll of poison.
    32 | D:1      | Found a faded altar of an unknown god.
    61 | D:1      | Reached skill level 3 in Ranged Weapons
    66 | D:1      | Reached XP level 2. HP: 23/23 MP: 2/2
   205 | D:1      | HP: 6/24 [frozen (4)]
   436 | D:1      | 436 ||| UPGRADING to +0 pair of boots.
   441 | D:1      | 441 ||| READING scroll labelled PUMOANL PAVO.
   442 | D:1      | 442 ||| READING scroll labelled VILOAJ CUIZIOW.
   443 | D:1      | 443 ||| READING 2 scrolls labelled WYULEU CEKHLEPN.
   444 | D:1      | 444 ||| READING scroll labelled LATTEN DEXZUE.
   445 | D:1      | 445 ||| DRINKING 2 dark potions.
   446 | D:1      | 446 ||| DROPPING scroll of amnesia.
   513 | D:2      | Reached XP level 3. HP: 19/29 MP: 3/3
   624 | D:2      | Reached skill level 4 in Ranged Weapons
   856 | D:2      | Reached XP level 4. HP: 34/36 MP: 4/4
  1022 | D:2      | Found a glowing golden altar of the Shining One.
  1135 | D:2      | 1135 ||| DROPPING ring of wizardry.
  1136 | D:2      | 1136 ||| READING scroll labelled GUONINYRAWK.
  1137 | D:2      | 1137 ||| DRINKING 2 coppery potions.
  1138 | D:2      | 1138 ||| DRINKING 2 purple potions.
  1139 | D:2      | 1139 ||| DROPPING potion of brilliance.
  1219 | D:3      | Reached skill level 5 in Ranged Weapons
  1452 | D:3      | Reached skill level 3 in Fighting
  1452 | D:3      | Reached XP level 5. HP: 13/45 MP: 5/5
  1665 | D:3      | Found a runed translucent door.
  1666 | D:3      | Noticed Crazy Yiuf
  1718 | D:3      | Noticed Natasha
  1730 | D:3      | Killed Natasha
  1731 | D:3      | HP: 8/45 [water moccasin skeleton (4)]
  1732 | D:3      | 1732 ||| DRINKING potion of heal wounds.
  1736 | D:3      | HP: 1/45 [water moccasin skeleton (3)]
  1736 | D:3      | Slain by a hound zombie

Levels and vault maps discovered:
D:1:      nicolae_arrival_kraken_aquarium_b, layout_basic,
          shapermc_ecumenical_altar_gd
D:2:      layout_basic, basic_altar, dk_vineyard_2
D:3:      layout_rooms, dilly_guarded_unrand_morg, uniq_crazy_yiuf_cottage

Skill      XL: |  1  2  3  4 |
---------------+-------------+-----
Ranged Weapons | 3 4 5 |  5.5
Fighting       | 2 3 |  3.2
Dodging        | |  2.1
Spellcasting   | |  1.0
Hexes          | |  2.0

Action                     |  1- 3 |  4- 6 || total
---------------------------+-------+-------++-------
   Fire: Sling             |    85 |    92 ||   177
    Use: Scroll            |     4 |     1 ||     5
         Potion            |     1 |     3 ||     4
 Armour: Robe              |     6 |    14 ||    20
  Dodge: Dodged            |    18 |    34 ||    52

Table legend:
 A = Non-vault XP
 B = Vault XP
 C = Vault XP percentage of total XP
 D = Non-vault monster count
 E = Vault monster count
 F = Vault count percentage of total count
                 A         B        C        D         E       F
            +---------+---------+-------+---------+---------+-------
      Total |     227 |      37 |  14.0 |      55 |       2 |   3.5
            +---------+---------+-------+---------+---------+-------
        D:1 |      32 |       0 |   0.0 |      19 |       0 |   0.0
        D:2 |      77 |       0 |   0.0 |      18 |       0 |   0.0
        D:3 |     118 |      37 |  23.9 |      18 |       2 |  10.0
            +---------+---------+-------+---------+---------+-------
